 Dungeon Crawl Stone Soup version 0.28.0-53-g5a82cb258f (webtiles) character file.

Game seed: 13287020087353588513

815 concernfroge the Magician (level 7, 0/54 HPs)
             Began as a Deep Elf Conjurer on July 11, 2022.
             Shot with an arrow by a centaur (11 damage)
             ... on level 5 of the Dungeon on July 12, 2022.
             The game lasted 00:19:00 (4482 turns).

concernfroge the Magician (Deep Elf Conjurer)       Turns: 4482, Time: 00:19:01

Health: 0/54       AC: 23    Str:  4    XL:     7   Next: 62%
Magic:  17/19      EV:  2    Int: 25    God:
Gold:   261        SH:  0    Dex: 13    Spells: 4/19 levels left

rFire   . . .      SeeInvis .   (no weapon)
rCold   . . .      Faith    .   (no shield)
rNeg    . . .      Spirit   .   (armour currently unavailable)
rPois   +          Reflect  .   (helmet currently unavailable)
rElec   .          Harm     .   (cloak currently unavailable)
rCorr   .          Rampage  .   (gloves currently unavailable)
Will    .....      NoTele   +   (boots currently unavailable)
Stlth   ++........              (no amulet)
HPRegen 0.18/turn               (no ring)
MPRegen 0.16/turn               (no ring)

@: tree-form
A: stationary, stasis, torment immunity, boosted hp
a: no special abilities


You were on level 5 of the Dungeon.
You were a tree.
You visited 1 branch of the dungeon, and saw 5 of its levels.

You collected 261 gold pieces.

Inventory:

Armour
 a - a +1 robe (melded)
Scrolls
 b - a scroll of teleportation
 c - a scroll of silence {unknown}
 j - a scroll of magic mapping
Potions
 d - a potion of attraction
 f - 2 potions of mutation {unknown}
 h - 2 potions of curing
 m - a potion of invisibility


   Skills:
 - Level 2.4 Dodging
 - Level 2.4 Stealth
 + Level 6.9 Spellcasting
 + Level 6.9 Conjurations
 + Level 4.9 Hexes
 + Level 3.2 Translocations


You had 4 spell levels left.
You knew the following spells:

 Your Spells              Type           Power      Damage    Failure   Level
a - Magic Dart            Conj           100%       1d8       1%          1
b - Searing Ray           Conj           86%        2d7       1%          2
c - Dazzling Flash        Conj/Hex       76%        N/A       1%          3
d - Fulminant Prism       Conj/Hex       19%        3d11      6%          4
e - Iskenderun's Mystic   Conj/Tloc      34%        2d8       9%          4
f - Slow                  Hex            100%       N/A       1%          1

Your spell library contained the following spells:

 Spells                   Type           Power      Damage    Failure   Level
 Confusing Touch          Hex            33%        N/A       2%          3
 Freeze                   Ice            32%        1d5       7%          1
 Hailstorm                Conj/Ice       26%        3d7       16%         4
 Frozen Ramparts          Ice            16%        1d3       21%         3
 Vampiric Draining        Necr           8%         2d6       21%         3


Dungeon Overview and Level Annotations

Branches:
Dungeon (5/15)
 Temple: D:4-7

Altars:
Elyvilon


Message History

The ogre is lightly wounded.
Your fulminant prism crackles loudly.
The magic dart hits the ogre.
The ogre is moderately wounded.
Your fulminant prism explodes!
The blast of energy engulfs the ogre!!
You kill the ogre!
c - a scroll labelled BOINAU XIUJ
There is a stone staircase leading up here.
You now have 261 gold pieces (gained 10).
Found a spear.
A centaur comes into view.
Casting: Magic Dart (safe; 1% risk of failure)
Confirm with . or Enter, or press ? or * to list all spells.
Aiming: Slow (safe; 1% risk of failure)
Press: ? - help, Shift-Dir - straight line, f - centaur
Aim: a centaur, quivering arrows (asleep, chance to affect: 64%)
The centaur shouts!
The centaur struggles to resist.
The centaur wields a +0 shortbow.
The centaur shoots an arrow.
The arrow hits you!
The centaur shoots an arrow.
The arrow hits you.
Casting: Slow (safe; 1% risk of failure)
Confirm with . or Enter, or press ? or * to list all spells.
Aiming: Slow (safe; 1% risk of failure)
Press: ? - help, Shift-Dir - straight line, f/p - centaur
Aim: a centaur, wielding a +0 shortbow and quivering arrows (chance to affect: 64%)
The centaur struggles to resist.
The centaur shoots an arrow.
The arrow hits you!
* * * LOW HITPOINT WARNING * * *
Okay, then.
Casting: Slow (safe; 1% risk of failure)
Confirm with . or Enter, or press ? or * to list all spells.
Okay, then.
Okay, then.
Okay, then.
Really quaff the potion of lignification?
You turn into a tree.
Your +1 robe melds into your body.
Your roots penetrate the ground.
The centaur shoots an arrow.
The arrow hits you!
You die...

*** ###### *,*##** ###
#....## **,c..#** #.##
##...... ***#...##*
#..###..#....
**#..)#####.....####...
*#..♣.......### ##..
#..#####...# #.. ###*
##..### ###<
##...####...
#.......... #########..
#.. ***** ##. *,,,* ##


You could see a centaur.

Vanquished Creatures
  A water moccasin (D:5)
  An ice beast (D:4)
  2 ogres (D:5)
  A phantom (D:4)
  A scorpion (D:5)
  A centaur zombie (D:5)
  A hound (D:5)
  An iguana (D:4)
  7 gnolls (D:4)
  A howler monkey skeleton (D:4)
  5 adders
  3 worms
  A dart slug (D:5)
  7 orcs
  7 bats
  7 endoplasms
  2 giant cockroaches
  14 goblins
  8 hobgoblins
  5 quokkas
  5 ball pythons
  5 frilled lizards
  5 kobolds
  5 rats
96 creatures vanquished.

Vanquished Creatures (others)
  14 fulminant prisms
14 creatures vanquished.

Grand Total: 110 creatures vanquished

Notes
Turn   | Place    | Note
-------+----------+-------------------------------------------
     0 | D:1      | concernfroge the Deep Elf Conjurer began the quest for the
                  | Orb.
     0 | D:1      | Reached XP level 1. HP: 10/10 MP: 6/6
   223 | D:1      | Reached XP level 2. HP: 15/15 MP: 1/8
  1089 | D:2      | Reached XP level 3. HP: 19/19 MP: 8/10
  1092 | D:2      | Learned a level 2 spell: Searing Ray
  1096 | D:2      | Learned a level 3 spell: Dazzling Flash
  1108 | D:2      | Reached skill level 5 in Conjurations
  1132 | D:2      | Found a white marble altar of Elyvilon.
  1947 | D:3      | Reached XP level 4. HP: 24/24 MP: 8/12
  1952 | D:3      | Learned a level 4 spell: Fulminant Prism
  2217 | D:3      | Reached skill level 1 in Hexes
  2404 | D:3      | Reached skill level 5 in Spellcasting
  2745 | D:4      | Noticed a phantom
  2827 | D:4      | Reached XP level 5. HP: 28/28 MP: 9/14
  2837 | D:4      | Killed a phantom
  2951 | D:3      | Learned a level 4 spell: Iskenderun's Mystic Blast
  3115 | D:4      | Noticed an ice beast
  3120 | D:4      | Killed an ice beast
  3121 | D:4      | Reached skill level 1 in Translocations
  3121 | D:4      | Reached XP level 6. HP: 32/32 MP: 6/16
  3774 | D:5      | Entered Level 5 of the Dungeon
  3774 | D:5      | Noticed a water moccasin
  3774 | D:5      | Noticed a water moccasin
  4049 | D:5      | Learned a level 1 spell: Slow
  4103 | D:5      | Reached XP level 7. HP: 36/36 MP: 4/18
  4482 | D:5      | Shot with an arrow by a centaur

Illustrated notes

Levels and vault maps discovered:
D:1:      elethiomel_arrival_maze, layout_basic
D:2:      layout_basic, basic_altar
D:3:      layout_rooms
D:4:      cheibrodos_greedy_goblins, layout_basic, grunt_ministairs_7
D:5:      layout_layer_cave, grunt_ministairs_11, uniq_grinder

Skill      XL: |  1  2  3  4  5  6  7 |
---------------+----------------------+-----
Spellcasting   | 4 5 6 |  6.9
Conjurations   | 5 6 |  6.9
Hexes          | 1 3 4 |  4.9
Translocations | 1 2 3 |  3.2
Dodging        | |  2.4
Stealth        | |  2.4

Action                   |  1- 3 |  4- 6 |  7- 9 || total
-------------------------+-------+-------+-------++-------
 Cast: Magic Dart        |    78 |    74 |     9 ||   161
       Searing Ray       |       |    15 |     1 ||    16
       Fulminant Prism   |       |    12 |     2 ||    14
       Slow              |       |     1 |     4 ||     5
  Use: Scroll            |       |    11 |       ||    11
       Potion            |       |       |     1 ||     1
Armor: Robe              |     2 |     3 |       ||     5
Dodge: Dodged            |       |     6 |     1 ||     7
